 Dungeon Crawl Stone Soup version 0.28.0-56-g4927b6849a (webtiles) character file.

Game seed: 1775036550742798118

27 NotaViper the Firebug (level 3, 0/26 HPs)
             Began as a Hill Orc Fire Elementalist on Feb 6, 2023.
             Slain by a worm (10 damage)
             ... on level 2 of the Dungeon.
             The game lasted 00:08:22 (1165 turns).

NotaViper the Firebug (Hill Orc Fire Elementalist)  Turns: 1165, Time: 00:08:23

Health: 0/26       AC:  3    Str: 10    XL:     3   Next: 10%
Magic:  0/5        EV: 12    Int: 17    God:
Gold:   61         SH:  0    Dex: 11    Spells: 2/5 levels left

rFire   x . .      SeeInvis .   e - +0 dagger
rCold   + . .      Faith    .   (no shield)
rNeg    . . .      Spirit   .   a - +1 robe
rPois   .          Reflect  .   (no helmet)
rElec   .          Harm     .   (no cloak)
rCorr   .          Rampage  .   (no gloves)
Will    .....                   (no boots)
Stlth   ++........              (no amulet)
HPRegen 0.08/turn               j - ring of ice
MPRegen 0.09/turn               (no ring)

@: no status effects
A: no striking features
a: no special abilities


You were on level 2 of the Dungeon.
You visited 1 branch of the dungeon, and saw 2 of its levels.

You collected 61 gold pieces.

Inventory:

Hand Weapons
 e - a +0 dagger (weapon)
 f - a +0 short sword
 m - a -1 dagger
Missiles
 g - a stone
Armour
 a - a +1 robe (worn)
 c - a +0 leather armour
 h - a +0 plate armour
 i - a +0 ring mail
Jewellery
 j - a ring of ice (left hand)
Potions
 b - a potion of brilliance {unknown}
 d - a potion of heal wounds {unknown}
 n - a potion of resistance


   Skills:
 + Level 0.1 Fighting
 + Level 1.7 Dodging
 + Level 1.7 Stealth
 + Level 1.8 Spellcasting
 + Level 1.1 Conjurations
 + Level 4.1 Fire Magic


You had 2 spell levels left.
You knew the following spells:

 Your Spells              Type           Power      Damage    Failure   Level
a - Foxfire               Conj/Fire      40%        2x1d6     7%          1
b - Scorch                Fire           30%        2d7       5%          2

Your spell library contained the following spells:

 Spells                   Type           Power      Damage    Failure   Level
 Conjure Flame            Conj/Fire      10%        6-21      21%         3
 Inner Flame              Hex/Fire       8%         N/A       26%         3
 Tukima's Dance           Hex            1%         N/A       52%         3
 Flame Wave               Conj/Fire      10%        2d5       56%         4
 Anguish                  Hex/Necr       0%         N/A       89%         4
 Enfeeble                 Hex            0%         N/A       100%        7


Dungeon Overview and Level Annotations

Branches:
Dungeon (2/15)

Altars:


Message History

The foxfire hits the worm.
The worm is lightly wounded.
You conjure some foxfire!
Your foxfire dissipates!
The foxfire hits the worm.
The worm is moderately wounded.
You conjure some foxfire!
Your foxfire dissipates!
The foxfire hits the worm.
The worm is moderately wounded.
You see here a frilled lizard corpse.
You hit the worm but do no damage.
The worm is moderately wounded.
The worm bites you!
Casting: Foxfire (safe; 7% risk of failure)
Confirm with . or Enter, or press ? or * to list all spells.
You don't have enough magic to cast this spell.
You hit the worm.
The worm is moderately wounded.
The worm bites you.
You hit the worm.
The worm is moderately wounded.
You hit the worm but do no damage.
The worm is moderately wounded.
The worm bites you.
You see here a frilled lizard corpse.
Casting: Foxfire (safe; 7% risk of failure)
Confirm with . or Enter, or press ? or * to list all spells.
Flames lash the worm.
The worm is severely wounded.
The worm's fire resistance burns away.
The worm misses you.
You barely miss the worm.
The worm is heavily wounded.
The worm closely misses you.
You hit the worm but do no damage.
The worm is heavily wounded.
You hit the worm.
The worm is severely wounded.
The worm bites you!
You die...

#.#####.
#.....#†
#..##<#.
#..##.#.
....##.#. #
####.##.#. ...
#####.##.#.
.....#########
#..........
.........w@†.#
#.###.##.##
.....#######.#
#.#.#.##...
#.. #.#
#...#.##### #
#.# ###.#.#
#.######.#.#
##.##.....#.#
#...#.#####.#
#...#.# #.#
#.....#


You could see a worm (combustible).

Vanquished Creatures
  An adder (D:2)
  2 dart slugs (D:1)
  2 ball pythons (D:1)
  2 endoplasms (D:1)
  A goblin (D:1)
  A hobgoblin (D:1)
  A bat (D:1)
  2 frilled lizards (D:2)
  2 kobolds (D:1)
  2 rats (D:1)
16 creatures vanquished.

Vanquished Creatures (others)
  32 foxfires
32 creatures vanquished.

Grand Total: 48 creatures vanquished

Notes
Turn   | Place    | Note
-------+----------+-------------------------------------------
     0 | D:1      | NotaViper the Hill Orc Fire Elementalist began the quest
                  | for the Orb.
     0 | D:1      | Reached XP level 1. HP: 14/14 MP: 3/3
   427 | D:1      | Reached XP level 2. HP: 20/20 MP: 0/4
   442 | D:1      | Learned a level 2 spell: Scorch
   575 | D:1      | Found a faded altar of an unknown god.
   750 | D:1      | Reached skill level 4 in Fire Magic
   937 | D:2      | Reached XP level 3. HP: 19/26 MP: 5/5
  1165 | D:2      | Slain by a worm

Illustrated notes

Levels and vault maps discovered:
D:1:      scummos_arrival_star, layout_basic, ebering_ecumenical_altar_rust
D:2:      layout_basic, hex_large

Skill      XL: |  1  2 |
---------------+-------+-----
Fire Magic     | 4 |  4.1
Fighting       | |  0.1
Dodging        | |  1.7
Stealth        | |  1.7
Spellcasting   | |  1.8
Conjurations   | |  1.1

Action                   || total
-------------------------++-------
Melee: Dagger            ||    36
       Punch             ||     1
 Cast: Foxfire           ||    24
       Scorch            ||     2
  Use: Scroll            ||     3
Armor: Robe              ||     7
Dodge: Dodged            ||    25
